cohdb
Replays
Latest Replays
All Replays
Popular Replays
Top Player Replays
Match Explorer
How It Works
Community
CoH3 Stats
Reddit
Sign in to upload your games and track your stats! →
Sign in with Steam
Match 43454593
Unlisted
Match 43454593
Overview
Messages
Build Orders
End
Construct Barracks
Engineer Squad
Selects Advanced Infantry Battlegroup
Riflemen Squad
Riflemen Squad
Grenade Package
M1 Mortar Team
Air Support Center
Selects Artillery Observers
Selects Convert to Ranger Squad
Riflemen Squad
P-47 Dive Bomb
P-47 Strafing Run
Mortar Pit
Convert to Ranger Squad
Construct Tank Depot
P-47 Dive Bomb
Selects Frontline Medical Station
Frontline Medical Station
Grasshopper Recon Run
Convert to Ranger Squad
P-47 Dive Bomb
M18 Hellcat Tank Destroyer
Selects Infantry Assault
Sponge Bob
Fabius Maximus
Derek Doon
mariopl97
JBQuib
Cpt Darling
0
0
Comments
sign in to comment!
No comments posted yet!